 Dungeon Crawl Stone Soup version 0.30-a0-341-g682706514a (webtiles) character file.

Game seed: 3373111619951236767

132 night the Cutter (level 5, -4/32 HPs)
             Began as a Kobold Reaver on Nov 2, 2022.
             Killed by divine providence
             ... invoked by an orc priest
              (15 damage)
             ... on level 3 of the Dungeon.
             The game lasted 00:05:55 (1963 turns).

night the Cutter (Kobold Reaver)                    Turns: 1963, Time: 00:05:56

Health: -4/32      AC:  3    Str: 10    XL:     5   Next: 38%
Magic:  1/9        EV: 14    Int: 16    God:
Gold:   141        SH:  0    Dex: 13    Spells: 3/9 levels left

rFire   . . .      SeeInvis .    a - +0 short sword
rCold   . . .      Faith    .    (no shield)
rNeg    . . .      Spirit   .    b - +0 leather armour
rPois   .          Reflect  .    (no helmet)
rElec   .          Harm     .    (no cloak)
rCorr   .          Rampage  .    (no gloves)
Will    .....                    (no boots)
Stlth   ++........               (no amulet)
HPRegen 0.25/turn                (no ring)
MPRegen 0.11/turn                (no ring)

@: no status effects
A: small, no large weapons, nightstalker 3
a: no special abilities


You were on level 3 of the Dungeon.
You visited 1 branch of the dungeon, and saw 3 of its levels.

You collected 141 gold pieces.

Inventory:

Hand Weapons
 a - a +0 short sword (weapon)
Missiles
 g - 27 stones
Armour
 b - a +0 leather armour (worn)
Scrolls
 c - a scroll of vulnerability {unknown}
 e - 2 scrolls of teleportation {unknown}
 f - 3 scrolls of identify {unknown}
 h - a scroll of blinking {unknown}
 i - a scroll of fog {unknown}
 k - 2 scrolls of enchant armour {unknown}
 l - a scroll of magic mapping {unknown}
Potions
 d - a potion of heal wounds
 j - 2 potions of flight {unknown}
 m - a potion of mutation {unknown}


   Skills:
 + Level 3.1 Fighting
 + Level 4.8 Short Blades
 + Level 3.3 Dodging
 + Level 2.9 Spellcasting
 + Level 3.5 Conjurations
 + Level 1.3 Translocations


You had 3 spell levels left.
You knew the following spells:

 Your Spells              Type           Power      Damage    Failure   Level
a - Kiss of Death         Conj/Necr      32%        2d7       12%         1
b - Momentum Strike       Conj/Tloc      20%        3d8       14%         2
c - Hailstorm             Conj/Ice       8%         3d4       36%         3

Your spell library contained the following spells:

 Spells                   Type           Power      Damage    Failure   Level


Dungeon Overview and Level Annotations

Branches:
Dungeon (3/15)

Altars:
Gozag
Wu Jian

Shops:
D:2 (


Innate Abilities, Weirdness & Mutations

You are small and have problems with some larger weapons.
You are completely attuned to the shadows.


Message History

Your magical contamination has completely faded away.
You hit the orc but do no damage.
The orc is heavily wounded.
The orc priest mumbles some strange prayers to Beogh against you.
Pain shoots through your body! The orc barely misses you.
You hit the orc but do no damage.
The orc is heavily wounded.
You hit the orc but do no damage.
The orc is heavily wounded.
The orc priest calls upon Beogh to heal the orc.
The orc's wounds heal themselves!
The orc closely misses you.
You hear a shout!
Casting: Momentum Strike (safe; 14% risk of failure)
Confirm with . or Enter, or press ? or * to list all spells.
Aiming: Momentum Strike (safe; 14% risk of failure)
Press: ? - help, Dir - move target, f/p - orc priest
Aim: an orc priest, wielding a +0 mace (almost dead, 68% to hit)
The concentrated momentum misses the orc priest.
The orc priest casts a cantrip, but nothing happens.
The orc hits you with a +0 short sword.
You hit the orc but do no damage. The orc barely misses you.
You completely miss the orc. The orc barely misses you.
You hit the orc.
The orc is moderately wounded.
The orc priest casts a cantrip, but nothing happens.
The orc hits you with a +0 short sword.
You hit the orc.
The orc is almost dead.
You hit the orc but do no damage.
The orc is almost dead.
The orc closely misses you.
You hit the orc but do no damage.
The orc is almost dead.
The orc priest calls upon Beogh to heal the orc.
The orc is healed somewhat.
The orc barely misses you.
You hit the orc but do no damage.
The orc is moderately wounded.
The orc priest calls down the wrath of Beogh upon you.
Beogh smites you!
You die...

###...# #. #......
#.######......
#.#...........
##.#.#####....#
##########.†..## #....#
#..§...........####.##.#
#.≈§8.≈o#...........##.#
#§≈.)o≈@#......###...#.#
#.≈≈.≈≈.##....###.......
#.§§§≈§.#####.##......##
..§§§≈§.# #.##......#
.o≈§_≈≈.# #<##.#...##
..##.##.## ........#
.###.#### .###.###


You could see an orc priest and an orc.

Vanquished Creatures
  Sigmund (D:2)
  An adder (D:2)
  A worm (D:3)
  A dart slug (D:1)
  3 ball pythons (D:1)
  2 bats
  3 endoplasms
  3 giant cockroaches
  5 hobgoblins
  4 jackals (D:2)
  3 kobolds
  A quokka (D:2)
  5 goblins
  5 rats
38 creatures vanquished.

Vanquished Creatures (others)
  3 adders
  2 goblins
5 creatures vanquished.

Grand Total: 43 creatures vanquished

Notes
Turn   | Place    | Note
-------+----------+-------------------------------------------
     0 | D:1      | night the Kobold Reaver began the quest for the Orb.
     0 | D:1      | Reached XP level 1. HP: 12/12 MP: 3/3
   124 | D:1      | Reached XP level 2. HP: 14/16 MP: 3/5
   133 | D:1      | Learned a level 2 spell: Momentum Strike
   568 | D:2      | Reached XP level 3. HP: 22/22 MP: 6/6
   572 | D:2      | Learned a level 3 spell: Hailstorm
   740 | D:2      | HP: 3/22 [jackal (1)]
  1047 | D:2      | Noticed Sigmund
  1049 | D:2      | Killed Sigmund
  1050 | D:2      | Reached skill level 1 in Translocations
  1050 | D:2      | Reached XP level 4. HP: 28/28 MP: 1/8
  1050 | D:2      | Reached XP level 5. HP: 32/32 MP: 1/9
  1141 | D:2      | Found Gereew's Antique Weapon Boutique.
  1425 | D:2      | Found a faded altar of an unknown god.
  1629 | D:3      | Found an ornate altar of the Wu Jian Council.
  1935 | D:3      | Found an opulent altar of Gozag.
  1963 | D:3      | Killed from afar by an orc priest

Illustrated notes

Levels and vault maps discovered:
D:1:      minmay_arrival_glassed_features, layout_basic
D:2:      layout_loops_cross, serial_shops, nicolae_shop_hallway_stairs,
          shapermc_ecumenical_altar_acropolis, skrybe_limestone_x, st_stairs_10,
          uniq_sigmund
D:3:      layout_loops_ring, lemuel_coloured_pillars_altar,
          mainiacjoe_overflow_paths, mainiacjoe_overflow_catwalk

Skill      XL: |  1  2  3 |
---------------+----------+-----
Fighting       | 3 |  3.1
Dodging        | 3 |  3.3
Translocations | 1 |  1.3
Short Blades   | |  4.8
Spellcasting   | |  2.9
Conjurations   | |  3.5

Action                   |  1- 3 |  4- 6 || total
-------------------------+-------+-------++-------
Melee: Short sword       |   129 |    52 ||   181
Throw: Stone             |       |     1 ||     1
 Cast: Kiss of Death     |     1 |       ||     1
       Momentum Strike   |     5 |     6 ||    11
       Hailstorm         |     1 |       ||     1
  Use: Potion            |     1 |       ||     1
 Stab: Sleeping          |     6 |     4 ||    10
Armor: Leather armour    |    25 |     5 ||    30
Dodge: Dodged            |    69 |    31 ||   100

Table legend: (Time is in decaauts)
 A = Elapsed time spent in this place.
 B = Non-inter-level travel time spent in this place.
 C = Inter-level travel time spent in this place.
 D = Time resting spent in this place.
 E = Time spent auto-exploring this place.
 F = Levels seen in this place.
 G = Mean time per level.
                   A        B        C        D        E       F      G
               +--------+--------+--------+--------+--------+-----+--------+
         Total |   1922 |   1869 |     53 |    135 |   1401 |   3 |  640.7 |
       Dungeon |   1922 |   1869 |     53 |    135 |   1401 |   3 |  640.7 |
               +--------+--------+--------+--------+--------+-----+--------+

Top non-repeatable levels by time:
     D:2: 947 daAuts
     D:1: 511 daAuts
     D:3: 464 daAuts
